 Dungeon Crawl Stone Soup version 0.30.0-15-g856e2d3f33 (webtiles) character file.

Game seed: 16919931603201333760

793 dialectric the Covered (level 7, -4/44 HPs)
             Began as a Gargoyle Fighter on May 19, 2023.
             Slain by an orc warrior
             ... wielding a +0 halberd
              (5 damage)
             ... on level 5 of the Dungeon.
             The game lasted 00:08:11 (5204 turns).

dialectric the Covered (Gargoyle Fighter)           Turns: 5204, Time: 00:08:11

Health: -4/44      AC: 15    Str: 24    XL:     7   Next: 88%
Magic:  7/7        EV: 10    Int:  7    God:
Gold:   152        SH:  0    Dex: 10    Spells: 6/6 levels left

rFire   . . .        q - +1 short sword (venom)
rCold   . . .        (no shield)
rNeg    + + .        b - +0 scale mail
rPois   ∞            j - +0 helmet
rElec   +            (no cloak)
rCorr   .            r - +0 pair of gloves
SInv    +            (no boots)
Will    .....        (no amulet) Stlth
                     e - ring of positive energy
HPRegen 0.27/turn    p - ring of see invisible
MPRegen 0.10/turn

%: no passive effects
@: attractive
A: sickness immunity, AC +4, negative energy resistance 1, electricity
resistance, torment resistance 1, petrification resistance, deterioration 1,
strong 1, wild magic 1
a: no special abilities


You were on level 5 of the Dungeon.
You visited 1 branch of the dungeon, and saw 5 of its levels.

You collected 152 gold pieces.

Inventory:

Hand Weapons
 a - a +0 long sword
 i - a +1 short sword of flaming
 q - a +1 short sword of venom (weapon)
Missiles
 v - 5 poisoned darts (quivered)
Armour
 b - a +0 scale mail (worn)
 c - a +0 buckler
 j - a +0 helmet (worn)
 r - a +0 pair of gloves (worn)
 x - a scarf of shadows
Jewellery
 e - a ring of positive energy (left hand)
 o - an amulet of magic regeneration
 p - a ring of see invisible (right hand)
 s - a ring of magical power
 y - a ring of willpower
Scrolls
 d - 2 scrolls of butterflies {unknown}
 f - 2 scrolls of amnesia
 g - 2 scrolls of fear {unknown}
 h - 3 scrolls of teleportation {unknown}
 k - a scroll of magic mapping {unknown}
 l - 2 scrolls of immolation {unknown}
 m - a scroll of vulnerability {unknown}
 n - 4 scrolls of identify {unknown}
 w - a scroll of enchant armour {unknown}


   Skills:
 + Level 5.0 Fighting
 + Level 4.0(4.6) Short Blades
 + Level 3.5(4.4) Long Blades
 + Level 6.2 Armour
 - Level 1.0 Dodging
 - Level 3.4 Shields


You had 6 spell levels left.
You didn't know any spells.
Your spell library contained the following spells:

 Spells                   Type           Power      Damage    Failure   Level
 Alistair's Intoxication  Tmut/Pois      0%         N/A       100%        5
 Dragon Form              Tmut           0%         N/A       100%        7
 Statue Form              Tmut/Erth      Unusable   N/A       N/A         6

Dungeon Overview and Level Annotations

Branches:
Dungeon (5/15)
 Temple: D:4-7

Altars:
Fedhas
Hepliaklqana
Nemelex Xobeh
Zin

Annotations:
D:2 Sigmund


Innate Abilities, Weirdness & Mutations

You are immune to sickness and miasma.
Your stone body is resilient. (AC +4)
You are immune to poison.
You resist negative energy. (rN+)
You are resistant to electric shocks. (rElec)
You are resistant to unholy torment.
You are immune to petrification.
Your body sometimes deteriorates upon taking damage.
Your muscles are strong. (Str +4, Int/Dex -1)
Your spells are a little harder to cast, but a little more powerful.


Message History

The orc hits you but does no damage.
Unknown command.
You hit the orc but do no damage.
The orc is poisoned.
The orc is heavily wounded.
The orc warrior hits you but does no damage.
The orc completely misses you.
Unknown command.
You hit the orc but do no damage.
The orc is heavily wounded.
The orc warrior misses you.
You hit the orc.
You kill the orc! x2
The orc warrior unwields a +0 halberd.
The orc warrior wields a +0 arbalest.
The orc warrior shoots a bolt.
The bolt hits you!
* * * LOW HITPOINT WARNING * * *
Unknown command.
The orc warrior unwields a +0 arbalest.
The orc warrior wields a +0 halberd.
The orc warrior hits you with a +0 halberd.
* * * LOW HITPOINT WARNING * * *
There is an open door here.
Things that are here:
a +0 club; a +0 ring mail Unknown command.
Things that are here:
a +0 mace; a +0 chain mail; an orc corpse It was a potion of mutation.
You feel extremely strange.
You feel yourself wasting away.
You feel stronger.
You feel less in control of your magic. The orc warrior barely misses you.
Unknown command.
It was a potion of attraction.
You feel attractive to monsters.
The orc warrior hits you with a +0 halberd.
* * * LOW HITPOINT WARNING * * *
Unknown command.
You hit the orc warrior but do no damage.
The orc warrior looks even sicker.
The orc warrior is moderately wounded.
The orc warrior hits you with a +0 halberd.
You die...

#........##.o###
#######........# #...##
........)......# ###..#
########........## ##.#
#..........####..#####o####..#
+..........'.................#
#[.........##..P.P..##.####.##
####'######..###o#####...
.....# #.##.†@))# #..##
####.######.##.).### ....
#........##.##...'^# ##...
##.#.###.##.######### .#.#
#.#.# #.##...))).#.# .#..
#.#.# #.#######..#.### #.#.#
#.....#<#..#...# #.#.#
#####.#.#..###.# #.#.#
#.#.#..# #.#


You could see an orc warrior (very poisoned).

Vanquished Creatures
  An ogre (D:4)
  2 scorpions
  A howler monkey (D:5)
  A jelly (D:5)
  3 hounds
  An orc priest (D:4)
  Terence (D:2)
  3 orc wizards
  Robin (D:1)
  8 gnolls
  9 adders
  3 dart slugs
  13 orcs
  7 bats
  10 endoplasms
  3 giant cockroaches
  12 hobgoblins
  11 kobolds
  4 quokkas
  8 ball pythons
  16 goblins
  10 rats
128 creatures vanquished.

Notes
Turn   | Place    | Note
-------+----------+-------------------------------------------
     0 | D:1      | dialectric the Gargoyle Fighter began the quest for the
                  | Orb.
     0 | D:1      | Reached XP level 1. HP: 14/14 MP: 1/1
   193 | D:1      | Reached XP level 2. HP: 13/19 MP: 2/2
   616 | D:1      | Reached XP level 3. HP: 24/24 MP: 3/3
  1065 | D:2      | Noticed a scorpion
  1129 | D:2      | Noticed Robin
  1158 | D:1      | Killed Robin
  1205 | D:2      | Reached XP level 4. HP: 29/29 MP: 4/4
  1227 | D:2      | Noticed Terence
  1247 | D:2      | Killed Terence
  1248 | D:2      | Reached skill level 4 in Armour
  1251 | D:2      | Killed a scorpion
  1252 | D:2      | Reached XP level 5. HP: 13/33 MP: 5/5
  1368 | D:2      | Reached skill level 1 in Short Blades
  1507 | D:2      | Got the Atlas of Reconstruction
  1698 | D:2      | Noticed Sigmund
  2338 | D:3      | Found a faded altar of an unknown god.
  2597 | D:3      | Reached XP level 6. HP: 28/38 MP: 6/6
  3330 | D:3      | Found a blossoming altar of Fedhas.
  3331 | D:3      | Found a sparkling altar of Nemelex Xobeh.
  3400 | D:4      | Found a hazy altar of Hepliaklqana.
  3434 | D:4      | Found a glowing silver altar of Zin.
  3590 | D:4      | Reached skill level 5 in Armour
  3594 | D:4      | Reached skill level 1 in Dodging
  3988 | D:4      | Reached XP level 7. HP: 42/44 MP: 7/7
  4734 | D:5      | Entered Level 5 of the Dungeon
  5011 | D:5      | Reached skill level 6 in Armour
  5192 | D:5      | Reached skill level 5 in Fighting
  5202 | D:5      | Gained mutation: Your body sometimes deteriorates upon
                  | taking damage. [potion of mutation]
  5202 | D:5      | Gained mutation: Your muscles are strong. (Str +4, Int/Dex
                  | -1) [potion of mutation]
  5202 | D:5      | Gained mutation: Your spells are a little harder to cast,
                  | but a little more powerful. [potion of mutation]
  5203 | D:5      | HP: 1/44 [orc warrior/+0 halberd (6)]
  5204 | D:5      | Slain by an orc warrior

Illustrated notes

Levels and vault maps discovered:
D:1:      minmay_arrival_checkered_box, layout_basic
D:2:      kennysheep_big_flooded_room, layout_basic, uniq_robin, uniq_sigmund,
          uniq_terence
D:3:      minmay_inner_zag, layout_basic, nicolae_overflow_hidden_temple,
          shapermc_ecumenical_altar_gd
D:4:      minmay_spotlight, layout_layer_cave, mainiacjoe_overflow_catwalk,
          mainiacjoe_overflow_alcove_1
D:5:      layout_basic, grunt_temple_overflow_open, bloody_makhleb,
          cheibrodos_gnoll_hut

Skill      XL: |  1  2  3  4  5  6  7 |
---------------+----------------------+-----
Long Blades    | 2 3 |  3.5
Armour         | 4 5 6 |  6.2
Fighting       | 4 5 |  5.0
Short Blades   | 1 3 4 |  4.0
Dodging        | 1 |  1.0
Shields        | |  3.4

Action                     |  1- 3 |  4- 6 |  7- 9 || total
---------------------------+-------+-------+-------++-------
  Melee: Long sword        |    75 |       |       ||    75
         Punch             |     1 |     2 |     1 ||     4
         Short sword       |    12 |   299 |   120 ||   431
    Use: Potion            |       |     3 |     2 ||     5
         Scroll            |       |       |     1 ||     1
 Armour: Scale mail        |    68 |   145 |    82 ||   295
  Dodge: Dodged            |    57 |   124 |    90 ||   271
